 Dungeon Crawl Stone Soup version 0.31-a0-348-g810772c3d7 (webtiles) character file.

Game seed: 6669167876185600861

95 BritishOli the Trooper (level 4, -5/36 HPs)
             Began as a Demonspawn Fighter on July 23, 2023.
             Slain by a gnoll
             ... wielding a +0 flail
              (10 damage)
             ... on level 2 of the Dungeon.
             The game lasted 00:01:32 (1244 turns).

BritishOli the Trooper (Demonspawn Fighter)         Turns: 1244, Time: 00:01:32

Health: -5/36      AC:  6    Str: 19    XL:     4   Next: 39%
Magic:  4/4        EV:  5    Int:  9    God:
Gold:   137        SH:  0    Dex: 12    Spells: 3/3 levels left

rFire   . . .        a - +0 war axe
rCold   . . .        c - +0 buckler
rNeg    . . .        b - +0 scale mail
rPois   .            (no helmet)
rElec   .            (no cloak)
rCorr   .            (no gloves)
SInv    .            (no boots)
Will    .....        (no amulet) Stlth
                     (no ring)
HPRegen 0.26/turn    (no ring)
MPRegen 0.09/turn

%: no passive effects
@: held
A: claws 1, powered by death 1
a: no special abilities


You were on level 2 of the Dungeon.
You visited 1 branch of the dungeon, and saw 2 of its levels.

You collected 137 gold pieces.

Inventory:

Hand Weapons
 a - a +0 war axe (weapon)
Armour
 b - a +0 scale mail (worn)
 c - a +0 buckler (worn)
Scrolls
 e - 2 scrolls of noise {unknown}
 f - a scroll of poison {unknown}
 h - a scroll of teleportation {unknown}
 i - a scroll of revelation {unknown}
Potions
 d - 2 potions of might
 g - a potion of curing {unknown}
 j - 2 potions of degeneration {unknown}


   Skills:
 + Level 3.6 Fighting
 + Level 2.6 Axes
 + Level 3.3 Armour
 + Level 3.3 Shields


You had 3 spell levels left.
You didn't know any spells.
Your spell library contained the following spells:

 Spells                   Type           Power      Damage    Failure   Level
 Gell's Gravitas          Tloc           0%         N/A       99%         3
 Ozocubu's Armour         Ice            0%         N/A       99%         3
 Teleport Other           Tloc           0%         N/A       99%         3
 Metabolic Englaciation   Hex/Ice        0%         N/A       100%        5
 Dispersal                Tloc           0%         N/A       100%        6
 Simulacrum               Ice/Necr       0%         N/A       100%        6


Dungeon Overview and Level Annotations

Branches:
Dungeon (2/15)

Altars:


Innate Abilities, Weirdness & Mutations

You have sharp fingernails.
You regenerate a little health from kills.


Message History

There are monsters nearby!
You barely miss the gnoll.
The gnoll is lightly wounded.
The gnoll closely misses you.
There are monsters nearby!
You hit the gnoll.
The gnoll is moderately wounded.
The gnoll hits you with a +0 whip. The gnoll closely misses you.
You barely miss the gnoll.
The gnoll is moderately wounded.
The gnoll closely misses you.
You slash the gnoll!
You kill the gnoll!
The gnoll barely misses you.
You hit the gnoll.
The gnoll is lightly wounded.
The gnoll hits you with a +0 flail!
You hit the gnoll.
The gnoll is moderately wounded.
The gnoll hits you with a +0 flail.
You hit the gnoll.
The gnoll is heavily wounded.
The gnoll hits you with a +0 flail! The gnoll hits you with a +0 flail.
* * * LOW HITPOINT WARNING * * *
You are too injured to fight recklessly!
The gnoll throws a throwing net.
The throwing net hits you.
You become entangled in the net!
You see here a throwing net.
You struggle against the net.
The gnoll hits you but does no damage.
You struggle against the net.
The gnoll hits you with a +0 flail.
* * * LOW HITPOINT WARNING * * *
You struggle against the net.
The gnoll hits you with a +0 flail.
* * * LOW HITPOINT WARNING * * *
You rip the net and break free!
The gnoll hits you but does no damage. The gnoll closely misses you.
The gnoll throws a throwing net.
The throwing net hits you.
You become entangled in the net!
You see here a throwing net.
You tear a large gash into the net.
The gnoll hits you with a +0 flail!
You die...

....+ ..#g# ##### # #.#:# #
#.#.#)# # #.#.#.# # #.....####
######## #.#......# ..##...# #
#.gg####.# #......#
#.##.#g##...# .......#
...#@##.### ##.....#
###.#....# #.....# #.....####
#.....## ###.#.#
#......######.#.# #######.
###.#......##.#.. #.......
#.#.#.##.##.###########.######
..#.........# #.....<.#
######.##.##.### #.#####.#


You could see 3 gnolls.

Vanquished Creatures
  A hound (D:2)
  2 gnolls
  2 worms (D:2)
  2 dart slugs (D:1)
  2 ball pythons
  An endoplasm (D:1)
  2 giant cockroaches
  3 goblins
  2 hobgoblins (D:2)
  6 jackals (D:1)
  4 kobolds
  2 quokkas (D:1)
  A bat (D:2)
  2 frilled lizards
  3 rats
35 creatures vanquished.

Notes
Turn   | Place    | Note
-------+----------+-------------------------------------------
     0 | D:1      | BritishOli the Demonspawn Fighter began the quest for the
                  | Orb.
     0 | D:1      | Reached XP level 1. HP: 18/18 MP: 1/1
   144 | D:1      | Gained mutation: You regenerate a little health from kills.
                  | [demonic ancestry]
   144 | D:1      | Reached XP level 2. HP: 24/24 MP: 2/2
   205 | D:1      | You fall into a shaft and drop 1 floor!
   228 | D:2      | Gained mutation: You have sharp fingernails. [demonic
                  | ancestry]
   228 | D:2      | Reached XP level 3. HP: 21/29 MP: 3/3
   428 | D:1      | Reached XP level 4. HP: 35/35 MP: 4/4
  1244 | D:2      | Slain by a gnoll

Illustrated notes

Levels and vault maps discovered:
D:1:      scummos_arrival_gate, layout_loops_ring, hex_medium
D:2:      layout_basic

Skill      XL: |  1  2 |
---------------+-------+-----
Axes           | 2 |  2.6
Shields        | 3 |  3.3
Armour         | 3 |  3.3
Fighting       | |  3.6

Action                     |  1- 3 |  4- 6 || total
---------------------------+-------+-------++-------
  Melee: War axe           |    42 |    41 ||    83
    Use: Potion            |     1 |       ||     1
   Stab: Distracted        |     1 |       ||     1
 Armour: Scale mail        |    21 |    12 ||    33
  Dodge: Dodged            |    18 |    24 ||    42
  Block: Buckler           |     9 |     6 ||    15

Table legend: (Time is in decaauts)
 A = Elapsed time spent in this place.
 B = Non-inter-level travel time spent in this place.
 C = Inter-level travel time spent in this place.
 D = Time resting spent in this place.
 E = Time spent auto-exploring this place.
 F = Levels seen in this place.
 G = Mean time per level.
                   A        B        C        D        E       F      G
               +--------+--------+--------+--------+--------+-----+--------+
         Total |   1279 |   1249 |     30 |     12 |    966 |   2 |  639.5 |
       Dungeon |   1279 |   1249 |     30 |     12 |    966 |   2 |  639.5 |
               +--------+--------+--------+--------+--------+-----+--------+

Top non-repeatable levels by time:
     D:1: 825 daAuts
     D:2: 454 daAuts
